 Dungeon Crawl Stone Soup version 0.26-a0-651-gb41185065b (webtiles) character file.

Game seed: 11262663537832905041

207 Irenicus the Geomancer (level 5, -4/42 HPs)
             Began as a Deep Dwarf Earth Elementalist on Oct 6, 2020.
             Slain by Grinder (7 damage)
             ... on level 3 of the Dungeon.
             The game lasted 00:07:03 (1258 turns).

Irenicus the Geomancer (DDEE)                       Turns: 1258, Time: 00:07:04

Health: -4/42      AC:  7    Str: 11    XL:     5   Next: 54%
Magic:  1/7        EV: 11    Int: 17    God:
Gold:   99         SH:  0    Dex: 13    Spells: 4/7 levels left

rFire    . . .     SeeInvis .   u - +1 dagger (protect)
rCold    . . .     Faith    .   (no shield)
rNeg     . . .     Spirit   .   s - +0 ring mail
rPois    .         Reflect  .   i - +0 helmet
rElec    .         Harm     .   (no cloak)
rCorr    .         Rampage  .   n - +0 pair of gloves
MR       .....                  (no boots)
Stlth    +.........             (no amulet)
HPRegen  0.00/turn              (no ring)
MPRegen  0.10/turn              (no ring)

@: non-regenerating
A: damage resistance, heal wounds, sense surroundings 1, no regeneration
a: Heal Wounds


You were on level 3 of the Dungeon.
You visited 1 branch of the dungeon, and saw 3 of its levels.

You collected 99 gold pieces.

Inventory:

Hand Weapons
 a - a +0 whip of freezing
   (You took it off a kobold on level 2 of the Dungeon)
 u - a +1 dagger of protection (weapon)
   (You took it off a kobold on level 2 of the Dungeon)
Missiles
 b - 88 stones (quivered)
 q - 2 silver javelins
Armour
 c - a +0 robe
 i - a +0 helmet (worn)
   (You found it on level 1 of the Dungeon)
 n - a +0 pair of gloves (worn)
   (You found it on level 1 of the Dungeon)
 s - a +0 ring mail (worn)
   (You found it on level 2 of the Dungeon)
Scrolls
 d - 2 scrolls of identify
 e - 3 scrolls of teleportation
 f - a scroll of blinking {unknown}
 g - a scroll of remove curse
 h - a scroll of enchant armour {unknown}
 r - a scroll of amnesia {unknown}
 t - a scroll of random uselessness {unknown}
Potions
 j - 2 potions of brilliance {unknown}
 k - a potion of degeneration {unknown}
 l - a potion of lignification {!q}
 m - a potion of might {unknown}
 o - a potion of curing {unknown}
 p - a potion of resistance {unknown}


   Skills:
 - Level 2.1 Dodging
 - Level 2.4 Stealth
 - Level 1.8 Spellcasting
 - Level 0.8 Transmutations
 + Level 8.3 Earth Magic


You had 4 spell levels left.
You knew the following spells:

 Your Spells              Type           Power        Failure   Level
a - Sandblast             Erth           ####..       1%          1
w - Passwall              Tmut/Erth      ###.....     11%         2

Your spell library contained the following spells:

 Spells                   Type           Power        Failure   Level
 Stone Arrow              Conj/Erth      ###...       26%         3
 Petrify                  Tmut/Erth      ###.....     58%         4
 Lee's Rapid Deconstruct  Erth           ####......   38%         5


Dungeon Overview and Level Annotations

Branches:
Dungeon (3/15)

Altars:
Dithmenos

Annotations:
D:3 Grinder


Innate Abilities, Weirdness & Mutations

You are resistant to damage.
You can heal yourself by infusing magical energy.
You passively map a small area around you.
You do not regenerate.


Message History

Press: ? - help, Shift-Dir - straight line, f - jelly
Aim: a jelly The blast of sand hits the jelly!
The jelly is almost dead.
b - 96 stones You now have 4/7 mp.
Casting: Sandblast (safe; 1% risk of failure)
Confirm with . or Enter, or press ? or * to list all spells.
Aiming: Sandblast (safe; 1% risk of failure)
Press: ? - help, Shift-Dir - straight line, f/p - jelly
Aim: a jelly (almost dead)
The blast of sand hits the jelly!
You kill the jelly!
b - 95 stones You now have 3/7 mp.
There is a stone staircase leading down here.
You climb downwards.
There is a stone staircase leading up here.
A worm comes into view.
Casting: Sandblast (safe; 1% risk of failure)
Confirm with . or Enter, or press ? or * to list all spells.
Aiming: Sandblast (safe; 1% risk of failure)
Press: ? - help, Shift-Dir - straight line, f - worm
Aim: a worm The blast of sand hits the worm!
The worm is heavily wounded.
b - 94 stones You now have 4/7 mp.
Casting: Sandblast (safe; 1% risk of failure)
Confirm with . or Enter, or press ? or * to list all spells.
Aiming: Sandblast (safe; 1% risk of failure)
Press: ? - help, Shift-Dir - straight line, f/p - worm
Aim: a worm (heavily wounded)
The blast of sand hits the worm!
The worm is almost dead.
b - 93 stones You now have 3/7 mp.
Casting: Sandblast (safe; 1% risk of failure)
Confirm with . or Enter, or press ? or * to list all spells.
Aiming: Sandblast (safe; 1% risk of failure)
Press: ? - help, Shift-Dir - straight line, f/p - worm
Aim: a worm (almost dead)
The blast of sand hits the worm!
You kill the worm!
b - 92 stones You see here a worm corpse.
You see here a worm corpse.
A rat comes into view.
Grinder comes into view.
Casting: Sandblast (safe; 1% risk of failure)
Confirm with . or Enter, or press ? or * to list all spells.
Aiming: Sandblast (safe; 1% risk of failure)
Press: ? - help, Shift-Dir - straight line, f - rat
Aim: a rat The blast of sand hits the rat!
You kill the rat!
b - 91 stones You now have 3/7 mp.
Casting: Sandblast (safe; 1% risk of failure)
Confirm with . or Enter, or press ? or * to list all spells.
You can't see any susceptible monsters within range! (Use Z to cast anyway.) Grinder gestures at you.
You struggle to resist.
Casting: Sandblast (safe; 1% risk of failure)
Confirm with . or Enter, or press ? or * to list all spells.
You can't see any susceptible monsters within range! (Use Z to cast anyway.) Unknown command.
You see here a rat corpse.
Casting: Sandblast (safe; 1% risk of failure)
Confirm with . or Enter, or press ? or * to list all spells.
Aiming: Sandblast (safe; 1% risk of failure)
Press: ? - help, Shift-Dir - straight line, f - Grinder
Aim: Grinder The blast of sand hits Grinder!
Grinder is moderately wounded.
b - 90 stones You now have 2/7 mp.
Casting: Sandblast (safe; 1% risk of failure)
Confirm with . or Enter, or press ? or * to list all spells.
Aiming: Sandblast (safe; 1% risk of failure)
Press: ? - help, Shift-Dir - straight line, f/p - Grinder
Aim: Grinder (moderately wounded)
The blast of sand hits Grinder.
Grinder is moderately wounded.
b - 89 stones Grinder hits you!
* * * LOW HITPOINT WARNING * * *
You writhe in agony.
* * * LOW HITPOINT WARNING * * *
You take 10 damage, and have 3/42 hp.
MASSIVE DAMAGE!!
Casting: Sandblast (safe; 1% risk of failure)
Confirm with . or Enter, or press ? or * to list all spells.
Aiming: Sandblast (safe; 1% risk of failure)
Press: ? - help, Shift-Dir - straight line, f/p - Grinder
Aim: Grinder (moderately wounded)
The blast of sand hits Grinder!
Grinder is almost dead.
b - 88 stones Grinder hits you!
You die...

* #.#
#............#.# #.#
#.#.##.##...###. #.#
#.#.##.###.#####
#.###.#.##..........
*
#.......######.#####
, ###......# #+# ,*
#.#.##.# * , ** **
#######.#.#*.#
#......@..# #* , , *
#.###..5..# , ,
,,........... ,, ,
#.###.#......# * * ,
#.....#### , ####..#
, * ..# , ..# * ,* ,


You could see Grinder.

Vanquished Creatures
  A jelly (D:2)
  Natasha (thrice) (D:2)
  Terence (D:2)
  3 adders (D:2)
  An ooze (D:1)
  3 worms
  2 dart slugs (D:1)
  3 leopard geckos
  2 giant cockroaches
  7 goblins
  5 hobgoblins
  6 bats
  A frilled lizard (D:1)
  6 kobolds
  6 rats
50 creatures vanquished.

Notes
Turn   | Place    | Note
-------+----------+-------------------------------------------
     0 | D:1      | Irenicus the Deep Dwarf Earth Elementalist began the quest
                  | for the Orb.
     0 | D:1      | Reached XP level 1. HP: 15/15 MP: 3/3
   302 | D:1      | Reached XP level 2. HP: 22/22 MP: 1/4
   350 | D:1      | Reached skill level 5 in Earth Magic
   470 | D:1      | Reached XP level 3. HP: 21/28 MP: 0/5
   523 | D:2      | Learned a level 2 spell: Passwall
   614 | D:2      | Reached skill level 6 in Earth Magic
   752 | D:2      | Noticed Terence
   765 | D:2      | Killed Terence
   765 | D:2      | Reached XP level 4. HP: 14/36 MP: 0/6
   990 | D:2      | Noticed Natasha
   993 | D:2      | Killed Natasha
   993 | D:2      | Reached skill level 7 in Earth Magic
  1133 | D:2      | Found a shadowy altar of Dithmenos.
  1137 | D:2      | Noticed Natasha
  1143 | D:2      | Killed Natasha
  1143 | D:2      | Reached XP level 5. HP: 15/42 MP: 0/7
  1160 | D:2      | Noticed Natasha
  1166 | D:2      | Killed Natasha
  1166 | D:2      | Reached skill level 8 in Earth Magic
  1252 | D:3      | Noticed Grinder
  1257 | D:3      | HP: 6/42 [Grinder (7)]
  1258 | D:3      | Slain by Grinder

Illustrated notes

Levels and vault maps discovered:
D:1:      wander_arrival_abandoned_jail, layout_basic, st_stairs_7
D:2:      layout_basic, grunt_dithmenos_smoke_and_mirrors, uniq_natasha,
          uniq_terence
D:3:      layout_loops_corners, chequers_ecumenical_altar_grove, st_stairs_3,
          nicolae_qazlal_style_of_elements, uniq_grinder, uniq_jessica

Skill      XL: |  1  2  3  4  5 |
---------------+----------------+-----
Earth Magic    | 5 6 7 8 |  8.3
Dodging        | |  2.1
Stealth        | |  2.4
Spellcasting   | |  1.8
Transmutations | |  0.8

Action                   |  1- 3 |  4- 6 || total
-------------------------+-------+-------++-------
Melee: Club              |    12 |     4 ||    16
       Whip              |       |    11 ||    11
 Cast: Sandblast         |    39 |    36 ||    75
       Passwall          |     4 |     4 ||     8
  Use: Scroll            |       |     3 ||     3
Armor: Robe              |     2 |       ||     2
       Ring mail         |     4 |    10 ||    14
Dodge: Dodged            |    14 |    25 ||    39

Table legend: (Time is in decaauts)
 A = Elapsed time spent in this place.
 B = Non-inter-level travel time spent in this place.
 C = Inter-level travel time spent in this place.
 D = Time resting spent in this place.
 E = Time spent auto-exploring this place.
 F = Levels seen in this place.
 G = Mean time per level.
                   A        B        C        D        E       F      G
               +--------+--------+--------+--------+--------+-----+--------+
         Total |   1270 |   1245 |     25 |      0 |      0 |   3 |  423.3 |
       Dungeon |   1270 |   1245 |     25 |      0 |      0 |   3 |  423.3 |
               +--------+--------+--------+--------+--------+-----+--------+

Top non-repeatable levels by time:
     D:2: 735 daAuts
     D:1: 496 daAuts
     D:3: 37 daAuts

Table legend:
 A = Kills in this place as a percentage of kills in entire the game.
 B = Kills by you in this place as a percentage of kills by you in the entire game.
 C = Kills by friends in this place as a percentage of kills by friends in the entire game.
 D = Other kills in this place as a percentage of other kills in the entire game.
 E = Experience gained in this place as a percentage of experience gained in the entire game.
 F = Experience gained in this place divided by the number of levels of this place that you have seen.
                   A       B       C       D       E      F
               +-------+-------+-------+-------+-------+----------------------
         Total | 100.0 | 100.0 |   N/A |   N/A | 100.0 |  99.0
       Dungeon | 100.0 | 100.0 |   N/A |   N/A | 100.0 |  99.0
               +-------+-------+-------+-------+-------+----------------------
